 Dungeon Crawl Stone Soup version 0.29.0-4-gdea44cf6ec (webtiles) character file.

Game seed: 13288923953417729603

393 qw the Ruffian (level 6, -5/59 HPs)
             Began as a Troll Cinder Acolyte on Aug 31, 2022.
             Was a High Priest of Ignis.
             Slain by an ogre
             ... wielding a +0 giant club
              (31 damage)
             ... on level 4 of the Dungeon.
             The game lasted 00:01:06 (2689 turns).

qw the Ruffian (Troll Cinder Acolyte)               Turns: 2689, Time: 00:01:07

Health: -5/59      AC: 11    Str: 31    XL:     6   Next: 51%
Magic:  6/6        EV:  9    Int: 10    God:    Ignis [*****.]
Gold:   157        SH:  0    Dex:  5    Spells: 7/7 levels left

rFire   + . .      SeeInvis .     - Unarmed
rCold   . . .      Faith    .   (no shield)
rNeg    . . .      Spirit   .   a - +0 robe
rPois   .          Reflect  .   (helmet restricted)
rElec   .          Harm     .   (no cloak)
rCorr   .          Rampage  .   (gloves unavailable)
Will    .....                   (boots unavailable)
Stlth   +.........              (no amulet)
HPRegen 0.99/turn               i - +6 ring of strength
MPRegen 0.10/turn               (no ring)

@: fiery-armoured
A: large, unfitting armour, claws 3, regeneration 1, shaggy fur 1, tough skin 1
a: Renounce Religion, Fiery Armour, Foxfire Swarm, Rising Flame


You were on level 4 of the Dungeon.
You worshipped Ignis.
Ignis was extremely pleased with you.
You visited 1 branch of the dungeon, and saw 4 of its levels.

You collected 187 gold pieces.
You spent 30 gold pieces at shops.


Innate Abilities, Weirdness & Mutations

You are too large for most types of armour.
You have claws for hands.
Your natural rate of healing is unusually fast.
You are covered in fur. (AC +1)
You have tough skin. (AC +1)


   Skills:
 - Level 2.4 Fighting
 + Level 1.1 Throwing
 - Level 7.2 Unarmed Combat
 - Level 1.0 Spellcasting
 - Level 2.1 Fire Magic


You had 7 spell levels left.
You didn't know any spells.
Your spell library contained the following spells:

 Spells                   Type           Power      Damage    Failure   Level
 Scorch                   Fire           8%         2d5       22%         2

Inventory:

Missiles
 d - 12 javelins
 h - 2 silver javelins (quivered)
Armour
 a - a +0 robe (worn)
Jewellery
 i - a +6 ring of strength (left claw)
Scrolls
 e - 3 scrolls of identify
 g - a scroll of enchant armour {unknown}
Potions
 b - 2 potions of curing
 c - a potion of resistance
 f - a potion of heal wounds

Dungeon Overview and Level Annotations

Branches:
Dungeon (4/15)
 Temple: D:4-7

Altars:
Ru

Shops:
D:1 ![***


Message History

The gnoll barely misses you.
You claw the gnoll!
The gnoll is almost dead.
The gnoll hits you with a +0 flail.
The gnoll is burned by your cloak of flames.
You kill the gnoll!
The gnoll hits you from afar with a +0 halberd!
The ogre shouts!
The hound bites you but does no damage.
The hound is burned by your cloak of flames.
The hound is lightly wounded.
The gnoll completely misses you. The hound barely misses you.
Items here: $ %% )))).
2682 ||| Stepping ~*~*~tactically~*~*~ (outnumbered).
The gnoll hits you from afar with a +0 halberd.
You mangle the hound!!
You kill the hound!
The gnoll barely misses you.
You claw the necrophage!
The necrophage is moderately damaged.
The necrophage hits you.
The necrophage is burned by your cloak of flames.
The necrophage is moderately damaged.
The gnoll closely misses you.
You mangle the necrophage!!
You destroy the necrophage!
The gnoll hits you from afar with a +0 halberd.
Your Unarmed Combat skill increases to level 7!
The gnoll barely misses you.
Items here: $ %%%% )))).
You scratch the gnoll. You claw the gnoll.
You kill the gnoll!
You claw the ogre!
The ogre is moderately wounded.
The ogre barely misses you.
You closely miss the ogre.
The ogre is moderately wounded.
The ogre hits you with a +0 giant club!!
Ouch! That really hurt!
You die...

+......# #### ###
#......### #
..#########.....####
................'...
#. ###........####
#. #.######## #
######.######.# ##
..............# #.
########@###### #.
......O)....... #.
..####....#...# #.
#....# .# #. #....#
#. ....## #. #...#
#. #...# #. ##


You could see an ogre.

Vanquished Creatures
  A black bear (D:4)
  A necrophage (D:4)
  A hound (D:4)
  2 orc priests (D:3)
  5 gnolls (D:4)
  3 adders (D:2)
  A worm (D:2)
  A dart slug (D:1)
  An orc (D:3)
  9 ball pythons
  2 bats (D:3)
  3 endoplasms
  3 giant cockroaches
  6 goblins
  7 hobgoblins
  7 jackals
  A quokka (D:4)
  5 frilled lizards
  8 kobolds
  5 rats
72 creatures vanquished.

Notes
Turn   | Place    | Note
-------+----------+-------------------------------------------
     0 | D:1      | qw the Troll Cinder Acolyte began the quest for the Orb.
     0 | D:1      | Reached XP level 1. HP: 22/22 MP: 1/1
     0 | D:1      | 0 ||| qw: Version: 0.1-a-97-g2dd2ca4
     0 | D:1      | 0 ||| qw: Game counter: 4627
     0 | D:1      | 0 ||| qw: Always use a shield: true
     0 | D:1      | 0 ||| qw: God list: Okawaru
     0 | D:1      | 0 ||| qw: Allow faded altars: false
     0 | D:1      | 0 ||| qw: Do Orc after D:15 true
     0 | D:1      | 0 ||| qw: Do second Lair branch before Depths: true
     0 | D:1      | 0 ||| qw: Lair rune preference: random
     0 | D:1      | 0 ||| qw: Plans: Normal
     0 | D:1      | 0 ||| PLANNING D:1-11
    33 | D:1      | Found a faded altar of an unknown god.
    54 | D:1      | Found Bifreit's General Store.
    63 | D:1      | 63 ||| SHOPLISTING potion of mutation (80 gold, have 0).
    63 | D:1      | 63 ||| SHOPLISTING scroll of enchant armour (75 gold, have
                  | 0).
    63 | D:1      | 63 ||| SHOPLISTING scroll of enchant weapon (75 gold, have
                  | 0).
    67 | D:1      | Found Wiroc's Assorted Antiques.
    76 | D:1      | 76 ||| SHOPLISTING 2 scrolls labelled XARO ZA FONIMO (36
                  | gold, have 0).
    76 | D:1      | 76 ||| SHOPLISTING 3 scrolls labelled XARO ZA FONIMO (54
                  | gold, have 0).
    76 | D:1      | 76 ||| SHOPLISTING cloak (81 gold, have 0).
    76 | D:1      | 76 ||| SHOPLISTING scroll labelled JESTAE YNKU (18 gold,
                  | have 0).
   115 | D:1      | Found Laloch's Armour Shop.
   307 | D:1      | Found Kinaum Lerr's General Store.
   313 | D:1      | 313 ||| SHOPLISTING ring of see invisible (150 gold, have
                  | 0).
   425 | D:1      | Reached XP level 2. HP: 29/29 MP: 2/2
   626 | D:1      | 626 ||| Stepping ~*~*~tactically~*~*~ (stealth).
   791 | D:1      | Found Rewi's Distillery.
   804 | D:1      | 804 ||| SHOPLISTING 3 potions of haste (300 gold, have 38).
   804 | D:1      | 804 ||| BUYING potion of curing (30 gold).
   804 | D:1      | Bought a potion of curing for 30 gold pieces
   804 | D:1      | 804 ||| SHOPLISTING potion of haste (100 gold, have 8).
   804 | D:1      | 804 ||| SHOPLISTING potion of mutation (80 gold, have 8).
   832 | D:1      | Reached skill level 1 in Throwing
  1030 | D:1      | 1030 ||| READING 2 scrolls labelled VIVIKI RADAZ.
  1031 | D:1      | 1031 ||| READING scroll labelled WOAJUFUURUJ.
  1032 | D:1      | 1032 ||| READING scroll labelled JESTAE YNKU.
  1068 | D:2      | 1068 ||| Stepping ~*~*~tactically~*~*~ (stealth).
  1071 | D:2      | 1071 ||| INVOKING Fiery Armour.
  1076 | D:2      | 1076 ||| Stepping ~*~*~tactically~*~*~ (outnumbered).
  1081 | D:2      | Reached XP level 3. HP: 36/36 MP: 3/3
  1085 | D:2      | Reached skill level 4 in Unarmed Combat
  1261 | D:2      | 1261 ||| Stepping ~*~*~tactically~*~*~ (stealth).
  1266 | D:2      | 1266 ||| Stepping ~*~*~tactically~*~*~ (outnumbered).
  1371 | D:2      | 1371 ||| Stepping ~*~*~tactically~*~*~ (stealth).
  1633 | D:2      | 1633 ||| Stepping ~*~*~tactically~*~*~ (stealth).
  1634 | D:2      | 1634 ||| Stepping ~*~*~tactically~*~*~ (stealth).
  1635 | D:2      | 1635 ||| Stepping ~*~*~tactically~*~*~ (stealth).
  1641 | D:2      | Reached XP level 4. HP: 44/44 MP: 4/4
  1832 | D:2      | 1832 ||| READING 2 scrolls labelled XISUMO FIDOIZ.
  1833 | D:2      | 1833 ||| DRINKING 2 purple potions.
  1834 | D:2      | 1834 ||| READING 4 scrolls of identify.
  1834 | D:2      | 1834 ||| IDENTIFYING silvery potion
  1835 | D:2      | 1835 ||| DROPPING potion of invisibility.
  1836 | D:2      | 1836 ||| DROPPING scroll of butterflies.
  1880 | D:3      | 1880 ||| Stepping ~*~*~tactically~*~*~ (stealth).
  1883 | D:3      | 1883 ||| STAIRDANCE
  1970 | D:3      | 1970 ||| Stepping ~*~*~tactically~*~*~ (stealth).
  1975 | D:3      | 1975 ||| Stepping ~*~*~tactically~*~*~ (hiding).
  1985 | D:3      | 1985 ||| INVOKING Fiery Armour.
  1987 | D:3      | 1987 ||| Stepping ~*~*~tactically~*~*~ (hiding).
  1999 | D:3      | Reached skill level 5 in Unarmed Combat
  2000 | D:3      | Reached XP level 5. HP: 48/50 MP: 5/5
  2493 | D:3      | Found a sacrificial altar of Ru.
  2496 | D:3      | 2496 ||| DROPPING scarf of shadows.
  2497 | D:3      | 2497 ||| UPGRADING to +6 ring of strength.
  2498 | D:3      | 2498 ||| READING 5 scrolls of identify.
  2498 | D:3      | 2498 ||| IDENTIFYING grey potion
  2499 | D:3      | 2499 ||| READING 4 scrolls of identify.
  2499 | D:3      | 2499 ||| IDENTIFYING amethyst potion
  2500 | D:3      | 2500 ||| DROPPING potion of ambrosia.
  2527 | D:4      | Noticed a black bear
  2532 | D:4      | Killed a black bear
  2533 | D:4      | Reached skill level 6 in Unarmed Combat
  2586 | D:4      | 2586 ||| Stepping ~*~*~tactically~*~*~ (stealth).
  2667 | D:4      | 2667 ||| Stepping ~*~*~tactically~*~*~ (hiding).
  2671 | D:4      | Reached XP level 6. HP: 59/59 MP: 6/6
  2673 | D:4      | 2673 ||| INVOKING Fiery Armour.
  2674 | D:4      | 2674 ||| Stepping ~*~*~tactically~*~*~ (outnumbered).
  2679 | D:4      | 2679 ||| Stepping ~*~*~tactically~*~*~ (outnumbered).
  2682 | D:4      | 2682 ||| Stepping ~*~*~tactically~*~*~ (outnumbered).
  2686 | D:4      | Reached skill level 7 in Unarmed Combat
  2689 | D:4      | Slain by an ogre

Levels and vault maps discovered:
D:1:      arrival_zaba_pyramid, layout_loops_corners,
          dreamdust_ecumenical_altar_grove, serial_shops, shop, shop,
          nicolae_shop_stone, shop, shop
D:2:      layout_loops_cross, minmay_cupped
D:3:      layout_loops_ring, nicolae_ru_path_of_blood
D:4:      minmay_recursive_quarters, layout_basic, amcnicky_altar_gilded

Skill      XL: |  1  2  3  4  5  6 |
---------------+-------------------+-----
Throwing       | 1 |  1.1
Unarmed Combat | 4 5 6 7 |  7.2
Fighting       | |  2.4
Spellcasting   | |  1.0
Fire Magic     | |  2.1

Action                   |  1- 3 |  4- 6 || total
-------------------------+-------+-------++-------
Melee: Unarmed           |    84 |    55 ||   139
       Punch             |     3 |     2 ||     5
Throw: Javelin           |    31 |    23 ||    54
Invok: Fiery Armour      |     1 |     2 ||     3
  Use: Scroll            |     3 |     4 ||     7
       Potion            |       |     1 ||     1
Armor: Robe              |    26 |    17 ||    43
Dodge: Dodged            |    30 |    35 ||    65

Table legend:
 A = Non-vault XP
 B = Vault XP
 C = Vault XP percentage of total XP
 D = Non-vault monster count
 E = Vault monster count
 F = Vault count percentage of total count
                 A         B        C        D         E       F
            +---------+---------+-------+---------+---------+-------
      Total |     555 |       7 |   1.2 |      68 |       4 |   5.6
            +---------+---------+-------+---------+---------+-------
        D:1 |      33 |       0 |   0.0 |      19 |       0 |   0.0
        D:2 |      68 |       5 |   6.8 |      18 |       3 |  14.3
        D:3 |     115 |       0 |   0.0 |      19 |       0 |   0.0
        D:4 |     339 |       2 |   0.6 |      12 |       1 |   7.7
            +---------+---------+-------+---------+---------+-------
